 Dungeon Crawl Stone Soup version 0.19-a0-1899-g2d93087 (webtiles) character file.

3546 slr42 the Spear-Bearer (level 10, -13/69 (70) HPs)
             Began as a Merfolk Ice Elementalist on Oct 19, 2016.
             Was a Priest of Sif Muna.
             Mangled by a catoblepas (15 damage)
             ... on level 9 of the Dungeon.
             The game lasted 01:20:30 (11182 turns).

slr42 the Spear-Bearer (Merfolk Ice Elementalist)  Turns: 11182, Time: 01:20:30

HP:   -13/69 (70)   AC:  4    Str:  9    XL:     10   Next: 9%
MP:   16/20         EV:  2    Int: 17    God:    Sif Muna [***...]
Gold: 141           SH:  0    Dex: 15    Spells: 4 memorised, 12 levels left

rFire  . . .     SeeInvis .     J - +0 trident (distort)
rCold  . . .     Gourm    .     a - +0 robe
rNeg   + + +     Faith    .     (no shield)
rPois  ∞         Spirit   .     Q - +0 helmet
rElec  .         Reflect  .     s - +0 cloak
rCorr  .         Harm     .     (no gloves)
MR     .....                    (no boots)
Stlth  ++........               (no amulet)
                                (no ring)
                                (no ring)

@: petrified
A: change form in water, swift swim, stealthy swim
a: Divine Energy, Channel Magic, Renounce Religion


You were on level 9 of the Dungeon.
You worshipped Sif Muna.
Sif Muna was most pleased with you.
You were not hungry.

You visited 2 branches of the dungeon, and saw 10 of its levels.

You collected 359 gold pieces.
You spent 218 gold pieces at shops.

Inventory:

Hand Weapons
 J - a +0 trident of distortion (weapon)
 R - a +0 blowgun
Missiles
 l - 4 curare-tipped needles
 S - 10 poisoned needles
Armour
 a - a +0 robe (worn)
 s - a +0 cloak (worn)
 Q - a +0 helmet (worn)
Jewellery
 N - an uncursed ring of fire
Wands
 M - a wand of disintegration (18/24)
Scrolls
 j - a scroll of immolation {unknown}
 m - 2 scrolls of fear {unknown}
 n - 2 scrolls of remove curse
 o - a scroll of magic mapping {unknown}
 p - a scroll of enchant weapon
 q - 2 scrolls of recharging {unknown}
 y - a scroll of enchant armour {unknown}
 z - 3 scrolls of identify
 H - a scroll of teleportation
 I - a scroll of silence {unknown}
Potions
 e - 2 potions of lignification
 g - 5 potions of curing
 i - 4 potions of ambrosia
 u - 2 potions of magic {unknown}
 v - 2 potions of cancellation {unknown}
 w - 2 potions of flight
 A - a potion of resistance {unknown}
 B - a potion of might {unknown}
 E - a potion of invisibility {unknown}
 L - a potion of degeneration {unknown}
 O - 3 potions of mutation {unknown}
Books
 b - a book of Frost

   Spells                             Type                      Level
   a - Freeze                         Ice                          1
   b - Throw Frost                    Conjuration/Ice              2
   c - Ozocubu's Armour               Charms/Ice                   3
   d - Throw Icicle                   Conjuration/Ice              4
   e - Summon Ice Beast               Ice/Summoning                4
Comestibles
 c - 9 bread rations
 P - 7 chunks of flesh


   Skills:
 - Level 3.0 Fighting
 - Level 8.2 Polearms
 - Level 6.3 Dodging
 - Level 3.0 Stealth
 + Level 6.8 Spellcasting
 - Level 2.4 Conjurations
 - Level 4.0 Charms
 + Level 5.6 Summonings
 - Level 6.3 Ice Magic


You had 12 spell levels left.
You knew the following spells:

 Your Spells              Type           Power        Failure   Level  Hunger
a - Freeze                Ice            ####         1%          1    None
b - Throw Frost           Conj/Ice       ###...       2%          2    None
c - Ozocubu's Armour      Chrm/Ice       ###.....     6%          3    ##.....
d - Summon Ice Beast      Ice/Summ       ####....     12%         4    ####...


Dungeon Overview and Level Annotations

Branches:
Dungeon (9/15)             Temple (1/1) D:6            Lair (0/6) D:9
    Orc: D:9-12

Altars:
Ashenzari
Cheibriados
Dithmenos
Elyvilon
Fedhas
Gozag
Hepliaklqana
Kikubaaqudgha
Makhleb
Nemelex Xobeh
Okawaru
Qazlal
Ru
Sif Muna
Trog
Uskayaw
Vehumet
Xom
Yredelemnul
Zin
The Shining One

Shops:
D:8 (


Message History

You are engulfed in calcifying dust. x3
The ettin is no longer petrified.
The catoblepas rams the ground with its head heavily.
You are engulfed in calcifying dust.
The catoblepas gores you.
You are engulfed in calcifying dust.
The catoblepas breathes a plume of calcifying dust at you.
The blast of calcifying dust hits you! The catoblepas gores you!
* * * LOW HITPOINT WARNING * * *
The catoblepas breathes a plume of calcifying dust at you.
The blast of calcifying dust hits you!
* * * LOW HITPOINT WARNING * * *
You are engulfed in calcifying dust.
The catoblepas breathes a plume of calcifying dust at you.
The blast of calcifying dust hits you!
* * * LOW HITPOINT WARNING * * *
You are engulfed in calcifying dust.
The ettin hits you with a dire flail!
* * * LOW HITPOINT WARNING * * *
The ettin completely misses you. The catoblepas gores you!!
You die...

##.##########
#.# #..'...#
#)# #..#...#
#.#[}..#...#
#.#:\..#...#
#.######...#
#.#....(...#
#.#.C.....Y#
#.#@Y......#
#.#'########
#...# #####


You could see a catoblepas, an ettin and a friendly ice beast (petrified).

Vanquished Creatures
  A hill giant (D:9)
  A manticore (D:9)
  A hungry ghost (D:8)
  A porcupine (D:9)
  2 orc warriors
  2 sky beasts
  3 ogres
  A necrophage (D:8)
  3 centaurs
  2 bullfrogs (D:7)
  A scorpion (D:6)
  5 killer bees
  3 wights (D:7)
  3 crimson imps
  A bullfrog zombie (D:6)
  3 hounds
  A quasit (D:9)
  5 orc priests
  4 iguanas
  7 orc wizards
  6 worker ants
  A killer bee zombie (D:5)
  2 hound skeletons
  3 gnolls (D:4)
  11 adders
  A river rat (D:9)
  3 shadow imps
  An ooze (D:2)
  An adder skeleton (D:4)
  3 worms
  12 dart slugs
  10 leopard geckos
  25 orcs
  17 bats
  2 giant cockroaches
  6 goblins
  9 hobgoblins
  2 jackals (D:1)
  5 quokkas
  A frilled lizard (D:2)
  9 kobolds
  A leopard gecko zombie (D:5)
  14 rats
  A fungus (D:9)
196 creatures vanquished.

Vanquished Creatures (collateral kills)
  A big kobold (D:9)
  2 jellies (D:9)
  A kobold (D:9)
  A fungus (D:9)
5 creatures vanquished.

Vanquished Creatures (others)
  An orc wizard (D:9)
  A bat (D:1)
  A frilled lizard (D:1)
3 creatures vanquished.

Grand Total: 204 creatures vanquished

Notes
Turn   | Place    | Note
-------+----------+-------------------------------------------
     0 | D:1      | slr42 the Merfolk Ice Elementalist began the quest for the Orb.
     0 | D:1      | Reached XP level 1. HP: 13/13 MP: 3/3
   245 | D:1      | Reached XP level 2. HP: 19/19 MP: 2/5
  1028 | D:2      | Learned a level 2 spell: Throw Frost
  1121 | D:2      | Reached XP level 3. HP: 24/24 MP: 5/7
  1437 | D:2      | Found a sparkling altar of Nemelex Xobeh.
  2223 | D:3      | Reached XP level 4. HP: 30/30 MP: 3/9
  2250 | D:3      | Found a blossoming altar of Fedhas.
  2555 | D:3      | Reached skill level 1 in Conjurations
  2893 | D:3      | Learned a level 3 spell: Ozocubu's Armour
  3005 | D:3      | Reached skill level 1 in Polearms
  3005 | D:3      | Reached XP level 5. HP: 26/36 MP: 6/10
  3460 | D:4      | Reached skill level 1 in Fighting
  3460 | D:4      | Reached skill level 2 in Polearms
  3835 | D:4      | Reached skill level 3 in Polearms
  3853 | D:4      | Noticed an ogre
  3921 | D:4      | Reached XP level 6. HP: 46/46 MP: 7/11
  3948 | D:4      | Noticed a sky beast
  4305 | D:4      | Reached skill level 4 in Polearms
  4505 | D:5      | Entered Level 5 of the Dungeon
  4910 | D:5      | Reached skill level 1 in Charms
  5042 | D:5      | Found a deep blue altar of Sif Muna.
  5045 | D:5      | Became a worshipper of Sif Muna the Loreminder
  5069 | D:5      | Noticed an ice beast
  5409 | D:5      | Reached skill level 5 in Polearms
  5409 | D:5      | Reached XP level 7. HP: 48/52 MP: 7/12
  6236 | D:8      | Noticed a hungry ghost
  6268 | D:8      | Found a shattered altar of Ashenzari.
  6299 | D:8      | Reached skill level 6 in Polearms
  6335 | D:8      | Found Osmenar's Antique Weapon Boutique.
  6724 | D:6      | Reached XP level 8. HP: 53/58 MP: 9/13
  6898 | D:6      | Found a staircase to the Ecumenical Temple.
  6909 | Temple   | Entered the Ecumenical Temple
  7138 | D:6      | Reached skill level 5 in Ice Magic
  7447 | D:4      | Reached skill level 7 in Polearms
  7447 | D:4      | Reached skill level 5 in Dodging
  7454 | D:4      | Learned a level 4 spell: Summon Ice Beast
  8008 | D:6      | Noticed a hand axe
  8009 | D:6      | Found a hide-covered altar of Uskayaw.
  8009 | D:6      | Noticed a hand axe
  8804 | D:7      | Reached * piety under Sif Muna
  8804 | D:7      | Reached XP level 9. HP: 46/63 MP: 11/14
  8807 | D:7      | Reached skill level 8 in Polearms
  9193 | D:7      | Reached skill level 1 in Summonings
  9562 | D:8      | Reached skill level 5 in Spellcasting
 10148 | D:8      | Reached ** piety under Sif Muna
 10158 | D:8      | Bought a runed trident for 218 gold pieces
 10187 | D:9      | Noticed a troll
 10479 | D:9      | Found a staircase to the Lair.
 10529 | D:9      | Noticed a hill giant
 10966 | D:9      | Noticed a manticore
 10994 | D:9      | Killed a hill giant
 10994 | D:9      | Reached skill level 5 in Summonings
 10994 | D:9      | Reached XP level 10. HP: 69/69 MP: 12/19
 11027 | D:9      | Killed a manticore
 11027 | D:9      | Reached *** piety under Sif Muna
 11157 | D:9      | Noticed a catoblepas
 11157 | D:9      | Noticed an ettin
 11182 | D:9      | HP: 2/69 [ettin/dire flail (8)]
 11182 | D:9      | Mangled by a catoblepas

Vault maps used:
D:1:      zaba_arrival_water, lemuel_old_faithful
D:2:      nicolae_overflow_crystal_walls, first_bread, minmay_hexomino_f4
D:3:      kennysheep_slugbush, fedhas_altar_2
D:5:      kennysheep_mini, minmay_misc_feat_pillars
D:6:      dancing_weapons_uskayaw, serial_bayou_pond_c
D:8:      kennysheep_little_box, serial_shops, shop
D:9:      minmay_shrinking_squares, grunt_lair_entry_orc_guard_hut
Temple:   lightli_temple_of_artemis

Skill      XL: |  1  2  3  4  5  6  7  8  9 |
---------------+----------------------------+-----
Spellcasting   | 3 6 |  6.8
Dodging        | 3 4 6 |  6.3
Conjurations   | 1 2 |  2.4
Polearms       | 1 3 5 6 7 8 |  8.2
Fighting       | 2 3 |  3.0
Charms         | 1 2 4 |  4.0
Ice Magic      | 4 6 |  6.3
Stealth        | 3 |  3.0
Summonings     | 5 |  5.6

Action                   |  1- 3 |  4- 6 |  7- 9 | 10-12 || total
-------------------------+-------+-------+-------+-------++-------
Melee: Club              |    47 |     6 |       |       ||    53
       Spear             |       |    69 |   284 |       ||   353
       War axe           |       |     1 |       |       ||     1
       Trident           |       |       |    97 |    11 ||   108
 Cast: Freeze            |    59 |   105 |   143 |       ||   307
       Throw Frost       |       |     9 |    11 |       ||    20
       Ozocubu's Armour  |       |       |    19 |       ||    19
       Summon Ice Beast  |       |       |     5 |     5 ||    10
  Use: Scroll            |     4 |     1 |     7 |       ||    12
       Potion            |       |     1 |     2 |       ||     3
 Stab: Sleeping          |     4 |     2 |     6 |       ||    12
       Distracted        |       |       |     1 |       ||     1
  Eat: Chunk             |     4 |     8 |    19 |     2 ||    33
       Fruit             |       |     1 |     1 |       ||     2
       Bread ration      |       |       |     1 |       ||     1
Armor: Robe              |    21 |    16 |    89 |       ||   126
Dodge: Dodged            |    87 |    88 |   302 |     6 ||   483
